Unix xNetHack Version 8.0.0 - last build Jan 14 2024 16:46:22 (be4d3c81716514284228e1a23197c27ddb32b841). Game began 2023-12-14 09:05:33, ended 2024-01-17 14:08:01. breadmaster, lawful female human Samurai -------- |.>....| --------- ##........# .T@.....| ### ! #|...{..|## |........# -.-+-------- #-------- # |.......|# |..........| ### ### ------.--### |..........| # # ### # |..........| ## # # ### |..........| # # # # |..........| # # # ##...........| ---.---# ### ### ------------ |.....|# #-----.----- |.<....# #|,,,,,,,,,| |....{| #.,,,,,,,,,| ------- |,#,,,,,,,| +,,,,,,,,,| ----------- Breadmaster the Kunoichi St:12 Dx:16 Co:18 In:16 Wi:10 Ch:6 Lawful S:10936 Dlvl:12 $:1960 HP:0(78) Pw:38(38) AC:3 Xp:8/2087 T:4999 Latest messages: You see here 157 gold pieces. You have a little trouble lifting $ - 157 gold pieces {1} (1960 in total). The door opens. What do you want to write with? [- acdfkm-orABF-HKNOUX-Z or ?*] ? You engrave in the ground with a wand of digging {7}. What do you want to engrave in the ground here? elbereth Gravel flies up from the floor. You drop 8 platinum arrows {8}. You drop 2 uncursed potions of fruit juice {40}. You drop a blessed potion of invisibility {20}. You drop an uncursed potion of sake {20}. Your movements are now unencumbered. In what direction? 8 The door closes. Restoring save file... Konnichi wa breadmaster, the human Samurai, welcome back to xNetHack! You feel wiser! You must have been very observant. You hit the mountain nymph! The mountain nymph recoils from your iron katana! The mountain nymph introduces herself to you as Laomedeia. Laomedeia stole a cursed ring of polymorph. Laomedeia vanishes! The troll wields a bec de corbin! The bec de corbin welds itself to the troll's claws! You hack the troll. The troll bashes with her bec de corbin. The troll pounds you! The troll claws you! The troll just misses! You hack the troll! You slash the troll! The troll bashes with her bec de corbin. The troll hits you! The troll claws you! The troll just misses! You hit the troll! You lacerate the troll! The troll bashes with her bec de corbin. The troll impales you! The troll claws you! The troll bites! You hit the troll. The troll bashes with her bec de corbin. The troll jabs you! The troll claws you! The troll bites! You die... Do you want your possessions identified? [ynq] (y) n Do you want to see your attributes? [ynq] (y) q Inventory: Inventory: 781/800 weight (30/52 slots) Coins $ - 1960 gold pieces {20} Weapons d - 36 +0 ya (in quiver) {36} c - a +0 yumi (alternate weapon; not wielded) {30} f - a +0 stone orcish dagger {8} a - a +0 katana (weapon in hand) {40} Armor g - an uncursed greased +0 orcish helm (being worn) {23} u - an uncursed +0 pair of cloth speed boots (being worn) {10} e - an uncursed rustproof +0 splint mail (being worn) {300} Comestibles h - 2 uncursed lizard corpses {20} Scrolls S - an uncursed scroll of gold detection {5} Potions v - 2 uncursed potions of water {40} Rings k - an uncursed ring of conflict {3} X - a cursed ring of hunger {3} n - an uncursed ring of see invisible {3} o - an uncursed ring of shock resistance {3} K - an uncursed ring of stealth {3} Wands A - a wand of death (0:1) {7} F - a wand of digging (0:6) {7} B - a wand of digging (0:2) {7} N - a wand of magic missile (0:5) {7} Y - a wand of secret door detection (0:10) {7} H - a wand of slow monster (0:4) {7} Z - a wand of striking (0:2) {7} m - a blessed wand of teleportation (0:5) {7} U - a wand of undead turning (0:5) {7} Tools j - an uncursed sack containing 17 items {148} p - a blessed can of grease (0:17) {15} C - an uncursed credit card {1} T - an uncursed magic whistle {3} J - an uncursed pair of lenses (being worn) {3} Gems/Stones O - an uncursed worthless piece of blue glass {1} Contents of the sack: 2 uncursed slime molds an uncursed apple an uncursed candy bar labeled "Nilla Crunchie" an uncursed cram ration 2 uncursed pancakes a cursed tripe ration 3 uncursed tripe rations an uncursed scroll of teleportation an uncursed scroll of scare monster an uncursed scroll of water 2 uncursed scrolls of create monster a blessed scroll of punishment an uncursed scroll of food detection an uncursed scroll of remove curse an uncursed scroll of confuse monster 2 uncursed scrolls of blank paper an uncursed scroll of light Breadmaster the Samurai's attributes: Background: You were a Kunoichi, a level 8 female human Samurai. You were lawful, on a mission for Amaterasu Omikami who was opposed by Raijin (neutral) and Susanowo (chaotic). You were heterosexual. You were in the Dungeons of Doom, on level 12. You entered the dungeon 4999 turns ago. You had 2087 experience points, 473 more were needed to attain level 9. Your score was 10936 before end-of-game adjustments. Basics: You had 0 out of 78 hit points. You had all 38 energy points (spell power). Your armor class was 3. Your wallet contained 1960 zorkmids. Autopickup was off. Final Characteristics: Your strength was 12 (peak:15, limit:18/100). Your dexterity was 16 (limit:18). Your constitution was 18 (limit:18). Your intelligence was 16 (limit:18). Your wisdom was 10 (limit:18). Your charisma was 6 (limit:18). Final Status: You were not hungry. You were unencumbered. You were wielding a long sword. You had expert skill with long sword. Final Attributes: You were piously aligned. You were telepathic. You were warded. You were very fast. You are dead. Miscellaneous: You never encountered a bones level. Total elapsed playing time was 9 hours, 18 minutes and 50 seconds. Major events: Turn 1: breadmaster the lawful female human Samurai entered the dungeon 318: entered the Gnomish Mines 511: attained the rank of Ronin (level 3) 1684: attained the rank of Kunoichi (level 6) 3696: entered Sokoban 4999: killed by a troll Vanquished creatures: a small mimic a xan a wraith a crocodile 3 giant beetles a quivering blob a cockatrice a leprechaun a giant spider a scorpion a gold golem 4 lizards a chickatrice a dingo a housecat a dust vortex a raven a Mordor orc an Uruk-hai a rock piercer a fog cloud 2 yellow lights a violet fungus 5 gnome leaders 3 gnomish wizards a paper golem 4 giant ants a little dog 3 floating eyes 2 dwarves a kobold shaman 5 hill orcs a rabid rat a centipede 2 giant bats a monkey 4 dwarf zombies a werejackal 2 iguanas 3 killer bees an acid blob a gas spore a hobbit 2 manes 2 giant rats a cave spider 3 yellow molds 3 green molds 2 red molds 27 gnomes 6 geckos 7 jackals a fox a kobold a goblin a sewer rat 6 grid bugs a bat 5 lichens a kobold zombie 2 newts 144 creatures vanquished. No species were genocided or became extinct. Voluntary challenges: You read items or engraved 14 times. You never genocided any monsters. You never polymorphed an object. You never changed form. You never touched an artifact. You used no wishes. You never scared an enemy with impunity. You were celibate. You never generated conflict. You did not violate any of the special Sokoban rules. Achievements: You entered the Gnomish Mines. You attained the rank of Ronin. You entered a shop. You attained the rank of Kunoichi. You entered a temple. You entered Sokoban. Dungeon overview: The Dungeons of Doom: levels 1 to 13 Level 1: Many fountains. Level 2: Level 3: A fountain, a tree. Level 4: A fountain. Stairs down to The Gnomish Mines. Level 5: A fountain. Level 6: Level 7: Many fountains, many trees. Oracle of Delphi. Level 8: Some fountains. Stairs up to Sokoban, level 7. Level 9: A sink. Level 10: Level 11: A fountain, a grave. Level 12: <- You were here. Some fountains, a tree. Final resting place for you, killed by a troll. Level 13: Summoned by Lord Sato. The Gnomish Mines: levels 5 to 10 Level 5: Level 6: Level 7: Many shops, a temple, some fountains. Level 8: Level 9: Level 10: Sokoban: Level 7: Unsolved. Game over: __________ / \ / REST \ / IN \ / PEACE \ / \ | breadmaster | | 1960 Au | | killed by a | | troll | | | | | | 2024 | *| * * * | * _________)/\\_//(\/(/\)/\//\/|_)_______ Sayonara breadmaster the Samurai... You died in The Dungeons of Doom on dungeon level 12 with 10740 points, and 1960 pieces of gold, after 4999 moves. You were level 8 with a maximum of 78 hit points when you died.